Sherbrooke Phoenix vs Manitoba Moose

Created - 28 novembre 2017 at 05:57

Goals
1 2 3 T
Sherbrooke Phoenix 3 3 2 8
Manitoba Moose 1 0 2 3
Shots
1 2 3 T
Sherbrooke Phoenix 10 7 3 20
Manitoba Moose 12 11 15 38

1st period

1. Manitoba Moose , Jason Dickinson 19 (Nate Guenin 5) at 1:14
2. Sherbrooke Phoenix , Max Friberg 9 (Casey Bailey 12, Daniel Zaar 19) at 2:14
3. Sherbrooke Phoenix , Brandon Mashinter 5 (Casey Bailey 13) at 9:32 (SH)
4. Sherbrooke Phoenix , Jordan Subban 2 (Max Friberg 6, Casey Bailey 14) at 10:20 (PP)

Penalties :
Blake Coleman (PHO) for Interference (Minor) at 2:29, Daniel Zaar (PHO) for Elbowing (Minor) at 8:20, Brian Lashoff (MOO) for Charging (Double Minor) at 10:00

2nd period

5. Sherbrooke Phoenix , Casey Bailey 9 (Mike Weber 3, Blake Coleman 29) at 6:18
6. Sherbrooke Phoenix , Casey Bailey 10 (Daniel Zaar 20, Max Friberg 7) at 8:27
7. Sherbrooke Phoenix , Brandon Mashinter 6 (Blake Coleman 30) at 19:32 (PP)

Penalties :
Ryan Craig (MOO) for Fighting (Major) at 9:17, Mike Weber (PHO) for Fighting (Major) at 9:17, Derek Dorsett (MOO) for Fighting (Major) at 12:17, Brandon Mashinter (PHO) for Fighting (Major) at 12:17, Thomas Schemitsch (MOO) for Fighting (Major) at 18:57, Mike Weber (PHO) for Fighting (Major) at 18:57, Thomas Schemitsch (MOO) for instigated a fight (Minor) at 18:57, Thomas Schemitsch (MOO) for instigated a fight (10 Minutes Misconduct) at 18:57

3rd period

8. Manitoba Moose , Matt Frattin 11 (Alex Tuch 10, Ryan Garbutt 7) at 3:59
9. Sherbrooke Phoenix , Justin Florek 2 (Francis Perron 14, Blake Siebenaler 3) at 9:31 (SH)
10. Sherbrooke Phoenix , Max Friberg 10 (Jordan Subban 9, Casey Bailey 15) at 9:35 (SH)
11. Manitoba Moose , Jason Dickinson 20 (Adam Pardy 8) at 13:49

Penalties :
Chris Neil (MOO) for Fighting (Major) at 6:32, Chris Carlisle (PHO) for Fighting (Major) at 6:32, Dylan Labbe (PHO) for High sticking (Minor) at 8:40, Denis Gurianov (MOO) for Fighting (Major) at 13:50, Mike Weber (PHO) for Fighting (Major / Game Misconduct) at 13:50, Tim Kennedy (MOO) for Fighting (Major) at 16:35, Pascal Pelletier (PHO) for Fighting (Major) at 16:35, Jordan Subban (PHO) for Holding Stick (Minor) at 17:14

Goalie Stats

Vitek Vanecek (PHO), 35 saves from 38 shots - (0,921), W, 6-6-0, 60:00 minutes
Christopher Gibson (MOO), 4 saves from 8 shots - (0,500), 23:17 minutes
Jordan Binnington (MOO), 8 saves from 12 shots - (0,667), L, 7-4-1, 36:43 minutes

Players Stats for Sherbrooke Phoenix

Player Name              G  A  P  +/- PIM S  H  SB GA TA FO     MP     PP MP  PK MP  
------------------------------------------------------------------------------------
Blake Coleman            0  2  2   0  2   1  2  2  2  0  4/5    20:47   1:03   0:00 
Blake Siebenaler         0  1  1   1  0   0  1  0  0  3  0/0    16:32   0:27   1:33 
Brad Malone              0  0  0   1  0   1  3  1  0  2  13/16  19:10   1:03   2:10 
Brandon Mashinter        2  0  2   1  5   5  1  0  0  1  0/1    17:24   1:03   2:10 
Casey Bailey             2  4  6   2  0   2  2  2  0  1  13/32  27:05   1:32   4:32 
Chris Carlisle           0  0  0  -1  5   0  1  0  0  1  0/0    10:26   0:00   1:14 
Conner Bleackley         0  0  0   0  0   0  0  0  0  0  0/0     2:54   0:00   0:00 
Daniel Zaar              0  2  2   1  2   1  1  2  1  1  0/2    16:17   1:32   0:00 
Dylan Labbe              0  0  0   0  2   0  0  0  0  0  0/0     9:14   0:00   1:18 
Francis Perron           0  1  1   0  0   0  0  1  0  0  0/0     8:17   0:00   0:55 
Jordan Subban            1  1  2   3  2   3  1  2  0  1  0/0    26:24   2:08   4:05 
Julius Bergman           0  0  0   1  0   0  0  0  0  2  0/0    17:13   0:27   2:14 
Justin Florek            1  0  1   1  0   1  0  1  0  2  0/0     8:48   0:00   0:59 
Mac Bennett              0  0  0   0  0   0  0  0  0  0  0/0     6:29   0:00   0:00 
Max Friberg              2  2  4   2  0   4  1  0  0  1  0/1    28:06   1:32   4:29 
Mike Weber               0  1  1   3  25  1  4  1  0  0  0/0    18:53   1:33   4:05 
Pascal Pelletier         0  0  0  -1  5   1  2  0  0  0  2/5    11:11   0:00   0:00 
Tommy Hughes             0  0  0  -1  0   0  1  0  0  0  0/0    15:33   0:35   0:45 
Troy Bourke              0  0  0  -1  0   0  0  0  1  0  0/0    11:12   0:00   0:00 

Players Stats for Manitoba Moose

Player Name              G  A  P  +/- PIM S  H  SB GA TA FO     MP     PP MP  PK MP  
------------------------------------------------------------------------------------
Adam Pardy               0  1  1  -1  0   1  0  0  0  1  0/0    12:48   0:00   1:05 
Alex Tuch                0  1  1  -1  0   6  1  2  1  0  2/2    13:10   0:00   0:00 
Brandon Gormley          0  0  0  -1  0   0  1  0  0  0  0/0    17:23   2:22   0:01 
Brian Lashoff            0  0  0  -1  4   1  3  1  0  0  0/0    17:23   5:14   0:00 
Chris Neil               0  0  0   0  5   3  2  0  2  0  0/0    13:12   0:39   1:07 
Denis Gurianov           0  0  0  -2  5   1  2  0  1  0  1/2    17:15   3:13   0:01 
Derek Dorsett            0  0  0   0  5   1  1  1  0  0  0/1    14:57   0:33   1:27 
Grayson Downing          0  0  0  -2  0   3  1  0  0  1  11/22  16:31   3:58   0:01 
Jason Dickinson          2  0  2  -2  0   4  0  0  3  0  1/1    16:14   3:58   0:00 
Justin Fontaine          0  0  0   0  0   5  1  0  2  0  0/0    16:07   3:39   0:00 
Jyrki Jokipakka          0  0  0  -1  0   0  0  0  1  0  0/0    17:37   5:15   0:01 
Matt Frattin             1  0  1  -1  0   3  3  0  2  0  0/0    12:21   0:00   0:00 
Matt Grzelcyk            0  0  0   1  0   1  0  1  0  0  0/0    15:47   0:00   1:29 
Matt Lorito              0  0  0   0  0   3  1  0  0  0  1/1    16:07   3:39   0:00 
Nate Guenin              0  1  1  -1  0   0  0  0  1  1  0/0    10:40   0:00   1:05 
Ryan Craig               0  0  0  -1  5   1  2  0  1  1  6/14   12:02   0:48   1:07 
Ryan Garbutt             0  1  1   0  0   2  0  1  1  0  5/13   13:54   0:00   1:27 
Samuel Morin             0  0  0  -2  0   0  2  2  0  0  0/0    16:21   2:22   0:25 
Thomas Schemitsch        0  0  0   0  17  1  1  0  0  0  0/0    12:06   0:00   1:04 
Tim Kennedy              0  0  0   0  5   2  2  0  0  0  3/6    15:04   2:24   0:00 

3 Stars

1 - Casey Bailey (PHO)
2 - Max Friberg (PHO)
3 - Jordan Subban (PHO)

Power Play

Sherbrooke Phoenix - 2 on 3 Attempt(s) - 66,67%
Manitoba Moose - 0 on 4 Attempt(s) - 0,00%

Penalty Kill

Sherbrooke Phoenix - 4 on 4 Attempt(s) - 100,00% - Score 3 goal in Penalty Kill
Manitoba Moose - 1 on 3 Attempt(s) - 33,33% - Score 0 goal in Penalty Kill

Team Stat

Sherbrooke Phoenix - Hits : 20 - Faceoff Wins : 32 - Blocked Shots : 12 - Penalty Minutes : 48
Manitoba Moose - Hits : 23 - Faceoff Wins : 30 - Blocked Shots : 8 - Penalty Minutes : 46

Official

Referees : Chris Rooney and Brian Pochmara
Linesman : Scott Driscoll and Mark Shewchyk

Game Notes

Christopher Gibson enters game at 6:18 of 2nd period
Ryan Craig beats up Mike Weber at 9:17 of 2nd period
Derek Dorsett beats up Brandon Mashinter at 12:17 of 2nd period
Thomas Schemitsch beats up Mike Weber at 18:57 of 2nd period
Chris Neil beats up Chris Carlisle at 6:32 of 3rd period
Jordan Binnington enters game at 9:35 of 3rd period
Denis Gurianov beats up Mike Weber at 13:50 of 3rd period
Mike Weber ejected from game at 13:50 of 3rd period
Tim Kennedy beats up Pascal Pelletier at 16:35 of 3rd period

Finance

Level 1 -- Attendance: 1628 (81,40%) -- Ticket Income 56 980 $
Level 2 -- Attendance: 739 (73,90%) -- Ticket Income 11 085 $
Total Attendance: 2367 (78,90%)
Total Ticket Income: 68 065 $
Other Income: 33 352 $
Total Income: 101 417 $

Sherbrooke Phoenix

5 vs 5 Forward 
   Center                   Left Wing                Right Wing               Time % Phy DF OF 
 1 Casey Bailey             Max Friberg              Daniel Zaar              40     1   2  2  
 2 Brad Malone              Brandon Mashinter        Blake Coleman            30     1   2  2  
 3 Blake Coleman            Justin Florek            Casey Bailey             20     1   2  2  
 4 Pascal Pelletier         Troy Bourke              Max Friberg              10     1   2  2  

5 vs 5 Defense 
   Defense                  Defense                                           Time % Phy DF OF 
 1 Jordan Subban            Mike Weber                                        40     1   2  2  
 2 Julius Bergman           Blake Siebenaler                                  30     1   2  2  
 3 Tommy Hughes             Chris Carlisle                                    20     1   2  2  
 4 Dylan Labbe              Mac Bennett                                       10     1   2  2  

PowerPlay Forward 
   Center                   Left Wing                Right Wing               Time % Phy DF OF 
 1 Casey Bailey             Max Friberg              Daniel Zaar              60     1   2  2  
 2 Brad Malone              Brandon Mashinter        Blake Coleman            40     1   2  2  

PowerPlay Defense
   Defense                  Defense                                           Time % Phy DF OF 
 1 Jordan Subban            Mike Weber                                        60     1   2  2  
 2 Julius Bergman           Blake Siebenaler                                  40     1   2  2  

Penalty Kill 4 Players Forward 
   Center                   Wing                     Time % Phy DF OF 
 1 Casey Bailey             Max Friberg              60     1   2  2  
 2 Brandon Mashinter        Brad Malone              40     1   2  2  

Penalty Kill 4 Players Defense
   Defense                  Defense                  Time % Phy DF OF 
 1 Jordan Subban            Mike Weber               60     1   2  2  
 2 Julius Bergman           Blake Siebenaler         40     1   2  2  

Penalty Kill - 3 Players Forward 
   Forward                                           Time % Phy DF OF 
 1 Casey Bailey                                      60     1   2  2  
 2 Max Friberg                                       40     1   2  2  

Penalty Kill - 3 Players Defense
   Defense                  Defense                  Time % Phy DF OF 
 1 Jordan Subban            Mike Weber               60     1   2  2  
 2 Julius Bergman           Blake Siebenaler         40     1   2  2  

4 vs 4 Forward 
   Center                   Wing                     Time % Phy DF OF 
 1 Casey Bailey             Max Friberg              60     1   2  2  
 2 Brandon Mashinter        Brad Malone              40     1   2  2  

4 vs 4 Defense
   Defense                  Defense                  Time % Phy DF OF 
 1 Jordan Subban            Mike Weber               60     1   2  2  
 2 Julius Bergman           Blake Siebenaler         40     1   2  2  

Last Minutes Offensive
   Center                   Left Wing                Right Wing               Defense                  Defense                  
   Casey Bailey             Max Friberg              Daniel Zaar              Jordan Subban            Mike Weber               

Last Minutes Defensive
   Center                   Left Wing                Right Wing               Defense                  Defense                  
   Casey Bailey             Max Friberg              Daniel Zaar              Jordan Subban            Mike Weber               

Goaltenders
Starting : Vitek Vanecek            
Backup : Antoine Bibeau           

Extra Forwards
Normal : Francis Perron, Conner Bleackley, Justin Florek - PP : Francis Perron, Conner Bleackley - PK : Justin Florek
Extra Defensemen
Normal : Tommy Hughes, Chris Carlisle, Dylan Labbe - PP : Tommy Hughes - PK : Chris Carlisle, Dylan Labbe
Penalty Shots
Casey Bailey, Max Friberg, Brandon Mashinter, Brad Malone, Blake Coleman

Scratches
Brandon Alderson (Healthy), Garrett Mitchell (Healthy)

Manitoba Moose

5 vs 5 Forward 
   Center                   Left Wing                Right Wing               Time % Phy DF OF 
 1 Ryan Craig               Matt Frattin             Alex Tuch                25     0   0  5  
 2 Tim Kennedy              Matt Lorito              Justin Fontaine          25     0   0  5  
 3 Ryan Garbutt             Derek Dorsett            Chris Neil               25     5   0  0  
 4 Grayson Downing          Jason Dickinson          Denis Gurianov           25     0   0  5  

5 vs 5 Defense 
   Defense                  Defense                                           Time % Phy DF OF 
 1 Brian Lashoff            Jyrki Jokipakka                                   25     1   2  2  
 2 Nate Guenin              Adam Pardy                                        25     1   2  2  
 3 Brandon Gormley          Samuel Morin                                      25     1   2  2  
 4 Thomas Schemitsch        Matt Grzelcyk                                     25     1   2  2  

PowerPlay Forward 
   Center                   Left Wing                Right Wing               Time % Phy DF OF 
 1 Grayson Downing          Jason Dickinson          Denis Gurianov           60     1   2  2  
 2 Tim Kennedy              Matt Lorito              Justin Fontaine          40     1   2  2  

PowerPlay Defense
   Defense                  Defense                                           Time % Phy DF OF 
 1 Brian Lashoff            Jyrki Jokipakka                                   60     1   2  2  
 2 Brandon Gormley          Samuel Morin                                      40     1   2  2  

Penalty Kill 4 Players Forward 
   Center                   Wing                     Time % Phy DF OF 
 1 Ryan Craig               Chris Neil               50     1   2  2  
 2 Ryan Garbutt             Derek Dorsett            50     1   2  2  

Penalty Kill 4 Players Defense
   Defense                  Defense                  Time % Phy DF OF 
 1 Nate Guenin              Adam Pardy               50     1   2  2  
 2 Thomas Schemitsch        Matt Grzelcyk            50     1   2  2  

Penalty Kill - 3 Players Forward 
   Forward                                           Time % Phy DF OF 
 1 Ryan Garbutt                                      50     1   2  2  
 2 Ryan Craig                                        50     1   2  2  

Penalty Kill - 3 Players Defense
   Defense                  Defense                  Time % Phy DF OF 
 1 Nate Guenin              Adam Pardy               50     1   2  2  
 2 Thomas Schemitsch        Matt Grzelcyk            50     1   2  2  

4 vs 4 Forward 
   Center                   Wing                     Time % Phy DF OF 
 1 Grayson Downing          Denis Gurianov           50     1   2  2  
 2 Jason Dickinson          Alex Tuch                50     1   2  2  

4 vs 4 Defense
   Defense                  Defense                  Time % Phy DF OF 
 1 Brian Lashoff            Jyrki Jokipakka          50     1   2  2  
 2 Brandon Gormley          Samuel Morin             50     1   2  2  

Last Minutes Offensive
   Center                   Left Wing                Right Wing               Defense                  Defense                  
   Ryan Craig               Matt Frattin             Matt Lorito              Brian Lashoff            Jyrki Jokipakka          

Last Minutes Defensive
   Center                   Left Wing                Right Wing               Defense                  Defense                  
   Ryan Craig               Matt Frattin             Matt Lorito              Brian Lashoff            Jyrki Jokipakka          

Goaltenders
Starting : Jordan Binnington        
Backup : Christopher Gibson       

Extra Forwards
Normal : Derek Dorsett, Alex Tuch, Denis Gurianov - PP : Derek Dorsett, Chris Neil - PK : Denis Gurianov
Extra Defensemen
Normal : Brandon Gormley, Samuel Morin, Thomas Schemitsch - PP : Brandon Gormley - PK : Samuel Morin, Thomas Schemitsch
Penalty Shots
Matt Frattin, Matt Lorito, Grayson Downing, Chris Neil, Denis Gurianov

Scratches
Matt Beleskey (Healthy), Felix Girard (Healthy), Ben Sexton (Healthy), Jake Chelios (Healthy), Daniel Pribyl (Healthy)
Ryan Hamilton (Healthy), Reece Scarlett (Healthy)

% Time on Ice - Sherbrooke Phoenix

Lines # - Real PCT - Wanted PCT - Time Play
Normal Forward
1 - 32% - 40% - 15:38
2 - 32% - 30% - 15:57
3 - 14% - 20% - 6:42
4 - 23% - 10% - 11:12
Normal Defense
1 - 40% - 40% - 19:59
2 - 29% - 30% - 14:32
3 - 17% - 20% - 8:29
4 - 13% - 10% - 6:29
PP Forward
1 - 59% - 60% - 1:32
2 - 41% - 40% - 1:03
PP Defense
1 - 83% - 60% - 2:08
2 - 17% - 40% - 0:27
PK Forward
1 - 72% - 60% - 5:27
2 - 28% - 40% - 2:10
PK Defense
1 - 80% - 60% - 6:04
2 - 20% - 40% - 1:33
PK3 Forward
1 - 0% - 60%
2 - 0% - 40%
PK3 Defense
1 - 0% - 60%
2 - 0% - 40%
44 Forward
1 - 100% - 60% - 0:19
2 - 0% - 40% - 0:00
44 Defense
1 - 100% - 60% - 0:19
2 - 0% - 40% - 0:00
Last Minute Offensive  - 0:00
Last Minute Defensive  - 0:00
Total
Forward - 60:00
Defense - 60:00

% Time on Ice - Manitoba Moose

Lines # - Real PCT - Wanted PCT - Time Play
Normal Forward
1 - 25% - 25% - 12:21
2 - 25% - 25% - 12:35
3 - 25% - 25% - 12:20
4 - 25% - 25% - 12:13
Normal Defense
1 - 24% - 25% - 12:02
2 - 25% - 25% - 12:28
3 - 25% - 25% - 12:24
4 - 25% - 25% - 12:35
PP Forward
1 - 52% - 60% - 3:58
2 - 48% - 40% - 3:39
PP Defense
1 - 69% - 60% - 5:15
2 - 31% - 40% - 2:22
PK Forward
1 - 44% - 50% - 1:08
2 - 56% - 50% - 1:27
PK Defense
1 - 43% - 50% - 1:06
2 - 57% - 50% - 1:29
PK3 Forward
1 - 0% - 50%
2 - 0% - 50%
PK3 Defense
1 - 0% - 50%
2 - 0% - 50%
44 Forward
1 - 100% - 50% - 0:19
2 - 0% - 50% - 0:00
44 Defense
1 - 100% - 50% - 0:19
2 - 0% - 50% - 0:00
Last Minute Offensive  - 0:00
Last Minute Defensive  - 0:00
Total
Forward - 60:00
Defense - 60:00

Play by Play

1st period


0:01 of 1st period - Ryan Craig wins face-off versus Casey Bailey in neutral zone.
0:16 of 1st period - Snap shot by Casey Bailey.
0:16 of 1st period - Shot Misses the Net.
0:26 of 1st period - Mike Weber is hit by Brian Lashoff and loses puck.
1:09 of 1st period - Casey Bailey is hit by Denis Gurianov and loses puck.
1:14 of 1st period - Wrist shot by Jason Dickinson.
1:14 of 1st period - Goal by Jason Dickinson - Sherbrooke Phoenix : 0 - Manitoba Moose : 1.
1:15 of 1st period - Casey Bailey wins face-off versus Denis Gurianov in neutral zone.
1:40 of 1st period - Mac Bennett is hit by Tim Kennedy and loses puck.
1:51 of 1st period - Snap shot by Matt Lorito.
1:51 of 1st period - Shot Misses the Net.
1:58 of 1st period - Icing by Dylan Labbe.
1:59 of 1st period - Brad Malone wins face-off versus Ryan Craig in Sherbrooke Phoenix zone.
1:59 of 1st period - Brad Malone is hit by Matt Frattin.
2:14 of 1st period - Snap shot by Casey Bailey.
2:14 of 1st period - Deflect By Max Friberg.
2:14 of 1st period - Goal by Max Friberg - Sherbrooke Phoenix : 1 - Manitoba Moose : 1.
2:15 of 1st period - Blake Coleman wins face-off versus Ryan Garbutt in neutral zone.
2:26 of 1st period - Snap shot by Ryan Garbutt.
2:26 of 1st period - Stopped by Vitek Vanecek without a rebound.
2:27 of 1st period - Blake Coleman wins face-off versus Grayson Downing in Sherbrooke Phoenix zone.
2:29 of 1st period - Minor Penalty to Blake Coleman for Interference.
2:30 of 1st period - Casey Bailey wins face-off versus Grayson Downing in Sherbrooke Phoenix zone.
2:56 of 1st period - Brad Malone is hit by Tim Kennedy and loses puck.
4:13 of 1st period - Denis Gurianov is hit by Mike Weber and loses puck.
4:29 of 1st period - Penalty to Blake Coleman is over, Blake Coleman is back on ice.
4:41 of 1st period - Icing by Brandon Gormley.
4:42 of 1st period - Brad Malone wins face-off versus Ryan Craig in Manitoba Moose zone.
5:17 of 1st period - Slapshot by Alex Tuch.
5:17 of 1st period - Stopped by Vitek Vanecek without a rebound.
5:18 of 1st period - Brad Malone wins face-off versus Grayson Downing in Sherbrooke Phoenix zone.
6:09 of 1st period - Max Friberg is hit by Brian Lashoff and loses puck.
7:08 of 1st period - Snap shot by Derek Dorsett.
7:08 of 1st period - Deflect By Chris Neil.
7:08 of 1st period - Stopped by Vitek Vanecek without a rebound.
7:09 of 1st period - Ryan Garbutt wins face-off versus Daniel Zaar in Sherbrooke Phoenix zone.
7:32 of 1st period - Snap shot by Grayson Downing.
7:32 of 1st period - Stopped by Vitek Vanecek with a rebound.
7:34 of 1st period - Snap shot by Grayson Downing.
7:34 of 1st period - Stopped by Vitek Vanecek without a rebound.
7:35 of 1st period - Grayson Downing wins face-off versus Pascal Pelletier in Sherbrooke Phoenix zone.
7:48 of 1st period - Troy Bourke is hit by Samuel Morin and loses puck.
8:13 of 1st period - Snap shot by Matt Lorito.
8:13 of 1st period - Stopped by Vitek Vanecek with a rebound.
8:15 of 1st period - Wrist shot by Tim Kennedy.
8:15 of 1st period - Stopped by Vitek Vanecek without a rebound.
8:16 of 1st period - Ryan Garbutt wins face-off versus Casey Bailey in Sherbrooke Phoenix zone.
8:20 of 1st period - Minor Penalty to Daniel Zaar for Elbowing.
8:21 of 1st period - Grayson Downing wins face-off versus Max Friberg in Sherbrooke Phoenix zone.
8:29 of 1st period - Wrist shot by Jason Dickinson.
8:29 of 1st period - Shot Misses the Net.
8:31 of 1st period - Slapshot by Brian Lashoff.
8:31 of 1st period - Deflect By Jason Dickinson.
8:31 of 1st period - Stopped by Vitek Vanecek without a rebound.
8:32 of 1st period - Grayson Downing wins face-off versus Casey Bailey in Sherbrooke Phoenix zone.
8:43 of 1st period - Max Friberg is hit by Grayson Downing and loses puck.
8:58 of 1st period - Tim Kennedy is hit by Brandon Mashinter and loses puck.
9:21 of 1st period - Brandon Gormley is hit by Blake Siebenaler and loses puck.
9:32 of 1st period - Snap shot by Brandon Mashinter.
9:32 of 1st period - Goal by Brandon Mashinter - Sherbrooke Phoenix : 2 - Manitoba Moose : 1.
9:33 of 1st period - Tim Kennedy wins face-off versus Casey Bailey in neutral zone.
10:00 of 1st period - Double Minor Penalty to Brian Lashoff for Charging.
10:01 of 1st period - Grayson Downing wins face-off versus Casey Bailey in Manitoba Moose zone.
10:14 of 1st period - Snap shot by Max Friberg.
10:14 of 1st period - Stopped by Jordan Binnington with a rebound.
10:16 of 1st period - Slapshot by Jordan Subban.
10:16 of 1st period - Shot Misses the Net.
10:18 of 1st period - Slapshot by Jordan Subban.
10:18 of 1st period - Stopped by Jordan Binnington with a rebound.
10:20 of 1st period - Penalty to Daniel Zaar is over, Daniel Zaar is back on ice.
10:20 of 1st period - Backhand shot by Jordan Subban.
10:20 of 1st period - Goal by Jordan Subban - Sherbrooke Phoenix : 3 - Manitoba Moose : 1.
10:21 of 1st period - Casey Bailey wins face-off versus Ryan Garbutt in neutral zone.
10:28 of 1st period - Wrist shot by Casey Bailey.
10:28 of 1st period - Shot Blocked by Matt Grzelcyk.
11:13 of 1st period - Snap shot by Max Friberg.
11:13 of 1st period - Shot Misses the Net.
11:15 of 1st period - Slapshot by Jordan Subban.
11:15 of 1st period - Stopped by Jordan Binnington without a rebound.
11:16 of 1st period - Brad Malone wins face-off versus Ryan Craig in Manitoba Moose zone.
11:29 of 1st period - Slapshot by Brandon Mashinter.
11:29 of 1st period - Deflect By Brad Malone.
11:29 of 1st period - Stopped by Jordan Binnington with a rebound.
11:41 of 1st period - Nate Guenin is hit by Brad Malone and loses puck.
11:48 of 1st period - Wrist shot by Brandon Mashinter.
11:48 of 1st period - Shot Hit the Post.
12:20 of 1st period - Penalty to Brian Lashoff is over, Brian Lashoff is back on ice.
12:36 of 1st period - Snap shot by Justin Fontaine.
12:36 of 1st period - Shot Misses the Net.
12:52 of 1st period - Snap shot by Jason Dickinson.
12:52 of 1st period - Shot Misses the Net.
12:58 of 1st period - Blake Coleman is hit by Thomas Schemitsch and loses puck.
13:11 of 1st period - Slapshot by Brad Malone.
13:11 of 1st period - Deflect By Brandon Mashinter.
13:11 of 1st period - Stopped by Jordan Binnington with a rebound.
13:55 of 1st period - Snap shot by Ryan Garbutt.
13:55 of 1st period - Shot Misses the Net.
13:57 of 1st period - Snap shot by Thomas Schemitsch.
13:57 of 1st period - Stopped by Vitek Vanecek with a rebound.
13:59 of 1st period - Wrist shot by Ryan Garbutt.
13:59 of 1st period - Shot Misses the Net.
14:11 of 1st period - Snap shot by Alex Tuch.
14:11 of 1st period - Shot Blocked by Blake Coleman.
14:13 of 1st period - Slapshot by Matt Frattin.
14:13 of 1st period - Shot Blocked by Blake Coleman.
14:15 of 1st period - Slapshot by Brian Lashoff.
14:15 of 1st period - Stopped by Vitek Vanecek with a rebound.
15:01 of 1st period - Matt Lorito is hit by Pascal Pelletier.
15:23 of 1st period - Off-side.
15:24 of 1st period - Brad Malone wins face-off versus Ryan Craig in neutral zone.
15:27 of 1st period - Snap shot by Brandon Mashinter.
15:27 of 1st period - Stopped by Jordan Binnington without a rebound.
15:28 of 1st period - Ryan Craig wins face-off versus Brad Malone in Manitoba Moose zone.
15:55 of 1st period - Wrist shot by Brandon Mashinter.
15:55 of 1st period - Shot Misses the Net.
17:00 of 1st period - Justin Fontaine is hit by Max Friberg and loses puck.
17:30 of 1st period - Snap shot by Jason Dickinson.
17:30 of 1st period - Stopped by Vitek Vanecek without a rebound.
17:31 of 1st period - Brad Malone wins face-off versus Grayson Downing in Sherbrooke Phoenix zone.
17:38 of 1st period - Brad Malone is hit by Denis Gurianov and loses puck.
18:00 of 1st period - Thomas Schemitsch is hit by Pascal Pelletier and loses puck.
19:07 of 1st period - Wrist shot by Troy Bourke.
19:07 of 1st period - Shot Blocked by Brian Lashoff.
19:09 of 1st period - Slapshot by Blake Siebenaler.
19:09 of 1st period - Shot Blocked by Derek Dorsett.
19:11 of 1st period - Slapshot by Blake Siebenaler.
19:11 of 1st period - Deflect By Pascal Pelletier.
19:11 of 1st period - Stopped by Jordan Binnington without a rebound.
19:12 of 1st period - Ryan Craig wins face-off versus Casey Bailey in Manitoba Moose zone.
19:39 of 1st period - Tommy Hughes is hit by Chris Neil and loses puck.
19:59 of 1st period - Off-side.
Goals for this period are 3 for Sherbrooke Phoenix vs 1 for Manitoba Moose.
Shots for this period are 10 for Sherbrooke Phoenix vs 12 for Manitoba Moose.

2nd period


0:01 of 2nd period - Matt Lorito wins face-off versus Casey Bailey in neutral zone.
1:09 of 2nd period - Casey Bailey is hit by Samuel Morin and loses puck.
1:54 of 2nd period - Wrist shot by Matt Frattin.
1:54 of 2nd period - Shot Blocked by Daniel Zaar.
1:56 of 2nd period - Snap shot by Thomas Schemitsch.
1:56 of 2nd period - Shot Blocked by Daniel Zaar.
1:58 of 2nd period - Wrist shot by Ryan Craig.
1:58 of 2nd period - Stopped by Vitek Vanecek with a rebound.
2:36 of 2nd period - Jyrki Jokipakka is hit by Mike Weber and loses puck.
4:39 of 2nd period - Snap shot by Alex Tuch.
4:39 of 2nd period - Shot Blocked by Francis Perron.
4:41 of 2nd period - Slapshot by Alex Tuch.
4:41 of 2nd period - Stopped by Vitek Vanecek with a rebound.
5:39 of 2nd period - Daniel Zaar is hit by Justin Fontaine and loses puck.
5:56 of 2nd period - Wrist shot by Grayson Downing.
5:56 of 2nd period - Stopped by Vitek Vanecek without a rebound.
5:57 of 2nd period - Ryan Garbutt wins face-off versus Pascal Pelletier in Sherbrooke Phoenix zone.
6:03 of 2nd period - Icing by Pascal Pelletier.
6:04 of 2nd period - Ryan Garbutt wins face-off versus Pascal Pelletier in Sherbrooke Phoenix zone.
6:07 of 2nd period - Slapshot by Chris Neil.
6:07 of 2nd period - Stopped by Vitek Vanecek without a rebound.
6:08 of 2nd period - Blake Coleman wins face-off versus Ryan Craig in Sherbrooke Phoenix zone.
6:08 of 2nd period - Blake Coleman is hit by Matt Frattin.
6:14 of 2nd period - Snap shot by Blake Coleman.
6:14 of 2nd period - Shot Blocked by Alex Tuch.
6:16 of 2nd period - Slapshot by Mike Weber.
6:16 of 2nd period - Stopped by Jordan Binnington with a rebound.
6:18 of 2nd period - Snap shot by Casey Bailey.
6:18 of 2nd period - Goal by Casey Bailey - Sherbrooke Phoenix : 4 - Manitoba Moose : 1.
6:18 of 2nd period - Christopher Gibson enters game.
6:19 of 2nd period - Casey Bailey wins face-off versus Grayson Downing in neutral zone.
6:44 of 2nd period - Matt Lorito is hit by Mike Weber and loses puck.
7:13 of 2nd period - Snap shot by Derek Dorsett.
7:13 of 2nd period - Shot Misses the Net.
7:34 of 2nd period - Snap shot by Alex Tuch.
7:34 of 2nd period - Stopped by Vitek Vanecek without a rebound.
7:35 of 2nd period - Ryan Craig wins face-off versus Blake Coleman in Sherbrooke Phoenix zone.
7:47 of 2nd period - Off-side.
7:48 of 2nd period - Grayson Downing wins face-off versus Casey Bailey in neutral zone.
7:56 of 2nd period - Off-side.
7:57 of 2nd period - Casey Bailey wins face-off versus Grayson Downing in neutral zone.
8:14 of 2nd period - Denis Gurianov is hit by Mike Weber and loses puck.
8:27 of 2nd period - Snap shot by Casey Bailey.
8:27 of 2nd period - Goal by Casey Bailey - Sherbrooke Phoenix : 5 - Manitoba Moose : 1.
8:28 of 2nd period - Tim Kennedy wins face-off versus Casey Bailey in neutral zone.
8:59 of 2nd period - Samuel Morin is hit by Casey Bailey and loses puck.
9:17 of 2nd period - Ryan Craig beats up Mike Weber.
9:17 of 2nd period - Penalty to Ryan Craig for Fighting.
9:17 of 2nd period - Penalty to Mike Weber for Fighting.
9:18 of 2nd period - Brad Malone wins face-off versus Derek Dorsett in neutral zone.
9:21 of 2nd period - Wrist shot by Blake Coleman.
9:21 of 2nd period - Shot Misses the Net.
9:48 of 2nd period - Wrist shot by Brandon Mashinter.
9:48 of 2nd period - Stopped by Christopher Gibson without a rebound.
9:49 of 2nd period - Grayson Downing wins face-off versus Casey Bailey in Manitoba Moose zone.
9:49 of 2nd period - Grayson Downing is hit by Tommy Hughes.
10:59 of 2nd period - Blake Coleman is hit by Matt Frattin and loses puck.
11:08 of 2nd period - Snap shot by Matt Frattin.
11:08 of 2nd period - Deflect By Alex Tuch.
11:08 of 2nd period - Stopped by Vitek Vanecek without a rebound.
11:09 of 2nd period - Pascal Pelletier wins face-off versus Tim Kennedy in Sherbrooke Phoenix zone.
11:14 of 2nd period - Tim Kennedy is hit by Jordan Subban and loses puck.
11:33 of 2nd period - Alex Tuch is hit by Brad Malone and loses puck.
11:52 of 2nd period - Snap shot by Denis Gurianov.
11:52 of 2nd period - Shot Misses the Net.
12:17 of 2nd period - Derek Dorsett beats up Brandon Mashinter.
12:17 of 2nd period - Penalty to Derek Dorsett for Fighting.
12:17 of 2nd period - Penalty to Brandon Mashinter for Fighting.
12:18 of 2nd period - Denis Gurianov wins face-off versus Daniel Zaar in Manitoba Moose zone.
12:23 of 2nd period - Snap shot by Alex Tuch.
12:23 of 2nd period - Stopped by Vitek Vanecek with a rebound.
12:26 of 2nd period - Icing by Max Friberg.
12:27 of 2nd period - Alex Tuch wins face-off versus Casey Bailey in Sherbrooke Phoenix zone.
12:57 of 2nd period - Snap shot by Alex Tuch.
12:57 of 2nd period - Shot Blocked by Casey Bailey.
13:21 of 2nd period - Wrist shot by Max Friberg.
13:21 of 2nd period - Shot Misses the Net.
13:39 of 2nd period - Snap shot by Alex Tuch.
13:39 of 2nd period - Stopped by Vitek Vanecek without a rebound.
13:40 of 2nd period - Brad Malone wins face-off versus Tim Kennedy in Sherbrooke Phoenix zone.
13:47 of 2nd period - Francis Perron is hit by Matt Lorito and loses puck.
14:21 of 2nd period - Snap shot by Ryan Garbutt.
14:21 of 2nd period - Stopped by Vitek Vanecek without a rebound.
14:22 of 2nd period - Pascal Pelletier wins face-off versus Ryan Garbutt in Sherbrooke Phoenix zone.
14:29 of 2nd period - Slapshot by Chris Neil.
14:29 of 2nd period - Stopped by Vitek Vanecek with a rebound.
15:13 of 2nd period - Snap shot by Denis Gurianov.
15:13 of 2nd period - Stopped by Vitek Vanecek without a rebound.
15:14 of 2nd period - Brad Malone wins face-off versus Ryan Garbutt in Sherbrooke Phoenix zone.
15:25 of 2nd period - Wrist shot by Francis Perron.
15:25 of 2nd period - Shot Blocked by Alex Tuch.
16:43 of 2nd period - Justin Fontaine is hit by Casey Bailey and loses puck.
17:06 of 2nd period - Wrist shot by Jason Dickinson.
17:06 of 2nd period - Shot Blocked by Jordan Subban.
18:20 of 2nd period - Icing by Chris Neil.
18:21 of 2nd period - Brad Malone wins face-off versus Ryan Craig in Manitoba Moose zone.
18:50 of 2nd period - Backhand shot by Max Friberg.
18:50 of 2nd period - Stopped by Christopher Gibson without a rebound.
18:51 of 2nd period - Grayson Downing wins face-off versus Casey Bailey in Manitoba Moose zone.
18:57 of 2nd period - Thomas Schemitsch beats up Mike Weber.
18:57 of 2nd period - Penalty to Thomas Schemitsch for Fighting.
18:57 of 2nd period - Penalty to Mike Weber for Fighting.
18:57 of 2nd period - Penalty to Thomas Schemitsch for instigated a fight.
18:57 of 2nd period - Penalty to Thomas Schemitsch for instigated a fight.
18:58 of 2nd period - Ryan Craig wins face-off versus Casey Bailey in neutral zone.
19:32 of 2nd period - Wrist shot by Brandon Mashinter.
19:32 of 2nd period - Goal by Brandon Mashinter - Sherbrooke Phoenix : 6 - Manitoba Moose : 1.
19:33 of 2nd period - Casey Bailey wins face-off versus Grayson Downing in neutral zone.
19:36 of 2nd period - Snap shot by Daniel Zaar.
19:36 of 2nd period - Stopped by Christopher Gibson with a rebound.
19:58 of 2nd period - Matt Lorito is hit by Blake Coleman and loses puck.
Goals for this period are 3 for Sherbrooke Phoenix vs 0 for Manitoba Moose.
Shots for this period are 7 for Sherbrooke Phoenix vs 11 for Manitoba Moose.

3rd period


0:01 of 3rd period - Casey Bailey wins face-off versus Ryan Garbutt in neutral zone.
0:57 of 3rd period - Backhand shot by Matt Lorito.
0:57 of 3rd period - Stopped by Vitek Vanecek with a rebound.
1:13 of 3rd period - Snap shot by Blake Coleman.
1:13 of 3rd period - Stopped by Christopher Gibson with a rebound.
1:31 of 3rd period - Blake Siebenaler is hit by Chris Neil and loses puck.
2:56 of 3rd period - Off-side.
2:57 of 3rd period - Brad Malone wins face-off versus Tim Kennedy in neutral zone.
3:02 of 3rd period - Wrist shot by Brad Malone.
3:02 of 3rd period - Shot Misses the Net.
3:22 of 3rd period - Daniel Zaar is hit by Brian Lashoff and loses puck.
3:43 of 3rd period - Brandon Mashinter is hit by Brandon Gormley.
3:59 of 3rd period - Snap shot by Matt Frattin.
3:59 of 3rd period - Goal by Matt Frattin - Sherbrooke Phoenix : 6 - Manitoba Moose : 2.
4:00 of 3rd period - Grayson Downing wins face-off versus Casey Bailey in neutral zone.
4:55 of 3rd period - Snap shot by Matt Lorito.
4:55 of 3rd period - Deflect By Justin Fontaine.
4:55 of 3rd period - Stopped by Vitek Vanecek with a rebound.
6:00 of 3rd period - Snap shot by Justin Fontaine.
6:00 of 3rd period - Stopped by Vitek Vanecek without a rebound.
6:01 of 3rd period - Brad Malone wins face-off versus Ryan Craig in Sherbrooke Phoenix zone.
6:01 of 3rd period - Brad Malone is hit by Alex Tuch.
6:11 of 3rd period - Slapshot by Jyrki Jokipakka.
6:11 of 3rd period - Shot Misses the Net.
6:13 of 3rd period - Snap shot by Matt Frattin.
6:13 of 3rd period - Stopped by Vitek Vanecek without a rebound.
6:14 of 3rd period - Blake Coleman wins face-off versus Ryan Garbutt in Sherbrooke Phoenix zone.
6:32 of 3rd period - Chris Neil beats up Chris Carlisle.
6:32 of 3rd period - Penalty to Chris Neil for Fighting.
6:32 of 3rd period - Penalty to Chris Carlisle for Fighting.
6:33 of 3rd period - Jason Dickinson wins face-off versus Casey Bailey in neutral zone.
6:46 of 3rd period - Snap shot by Denis Gurianov.
6:46 of 3rd period - Shot Misses the Net.
7:10 of 3rd period - Snap shot by Justin Fontaine.
7:10 of 3rd period - Shot Blocked by Brad Malone.
8:08 of 3rd period - Snap shot by Brad Malone.
8:08 of 3rd period - Shot Misses the Net.
8:40 of 3rd period - Minor Penalty to Dylan Labbe for High sticking.
8:41 of 3rd period - Grayson Downing wins face-off versus Casey Bailey in Sherbrooke Phoenix zone.
8:47 of 3rd period - Slapshot by Denis Gurianov.
8:47 of 3rd period - Shot Misses the Net.
8:49 of 3rd period - Wrist shot by Grayson Downing.
8:49 of 3rd period - Shot Blocked by Casey Bailey.
8:51 of 3rd period - Slapshot by Denis Gurianov.
8:51 of 3rd period - Shot Blocked by Jordan Subban.
9:31 of 3rd period - Snap shot by Justin Florek.
9:31 of 3rd period - Goal by Justin Florek - Sherbrooke Phoenix : 7 - Manitoba Moose : 2.
9:32 of 3rd period - Casey Bailey wins face-off versus Grayson Downing in neutral zone.
9:35 of 3rd period - Snap shot by Jordan Subban.
9:35 of 3rd period - Deflect By Max Friberg.
9:35 of 3rd period - Goal by Max Friberg - Sherbrooke Phoenix : 8 - Manitoba Moose : 2.
9:35 of 3rd period - Jordan Binnington enters game.
9:36 of 3rd period - Casey Bailey wins face-off versus Grayson Downing in neutral zone.
10:40 of 3rd period - Penalty to Dylan Labbe is over, Dylan Labbe is back on ice.
11:08 of 3rd period - Icing by Brad Malone.
11:09 of 3rd period - Brad Malone wins face-off versus Ryan Garbutt in Sherbrooke Phoenix zone.
11:40 of 3rd period - Wrist shot by Matt Lorito.
11:40 of 3rd period - Shot Misses the Net.
11:42 of 3rd period - Snap shot by Matt Lorito.
11:42 of 3rd period - Shot Misses the Net.
12:34 of 3rd period - Jyrki Jokipakka is hit by Daniel Zaar and loses puck.
12:51 of 3rd period - Slapshot by Justin Fontaine.
12:51 of 3rd period - Stopped by Vitek Vanecek without a rebound.
12:52 of 3rd period - Tim Kennedy wins face-off versus Brad Malone in Sherbrooke Phoenix zone.
12:55 of 3rd period - Wrist shot by Justin Fontaine.
12:55 of 3rd period - Shot Misses the Net.
13:03 of 3rd period - Slapshot by Matt Lorito.
13:03 of 3rd period - Deflect By Tim Kennedy.
13:03 of 3rd period - Stopped by Vitek Vanecek with a rebound.
13:05 of 3rd period - Snap shot by Justin Fontaine.
13:05 of 3rd period - Stopped by Vitek Vanecek with a rebound.
13:07 of 3rd period - Slapshot by Justin Fontaine.
13:07 of 3rd period - Stopped by Vitek Vanecek with a rebound.
13:09 of 3rd period - Wrist shot by Tim Kennedy.
13:09 of 3rd period - Shot Misses the Net.
13:11 of 3rd period - Snap shot by Matt Lorito.
13:11 of 3rd period - Shot Misses the Net.
13:13 of 3rd period - Wrist shot by Matt Lorito.
13:13 of 3rd period - Shot Misses the Net.
13:15 of 3rd period - Wrist shot by Tim Kennedy.
13:15 of 3rd period - Shot Misses the Net.
13:17 of 3rd period - Slapshot by Justin Fontaine.
13:17 of 3rd period - Shot Blocked by Mike Weber.
13:19 of 3rd period - Backhand shot by Adam Pardy.
13:19 of 3rd period - Stopped by Vitek Vanecek with a rebound.
13:21 of 3rd period - Backhand shot by Matt Lorito.
13:21 of 3rd period - Shot Misses the Net.
13:23 of 3rd period - Slapshot by Matt Grzelcyk.
13:23 of 3rd period - Stopped by Vitek Vanecek with a rebound.
13:41 of 3rd period - Snap shot by Matt Lorito.
13:41 of 3rd period - Stopped by Vitek Vanecek without a rebound.
13:42 of 3rd period - Grayson Downing wins face-off versus Casey Bailey in Sherbrooke Phoenix zone.
13:49 of 3rd period - Backhand shot by Jason Dickinson.
13:49 of 3rd period - Goal by Jason Dickinson - Sherbrooke Phoenix : 8 - Manitoba Moose : 3.
13:50 of 3rd period - Casey Bailey wins face-off versus Grayson Downing in neutral zone.
13:50 of 3rd period - Denis Gurianov beats up Mike Weber.
13:50 of 3rd period - Penalty to Denis Gurianov for Fighting.
13:50 of 3rd period - Penalty to Mike Weber for Fighting.
13:50 of 3rd period - Mike Weber is ejected from game.
13:51 of 3rd period - Grayson Downing wins face-off versus Casey Bailey in neutral zone.
13:57 of 3rd period - 10 Minutes Misconduct Penalty to Thomas Schemitsch is over.
14:00 of 3rd period - Jordan Subban is hit by Derek Dorsett and loses puck.
14:17 of 3rd period - Matt Frattin is hit by Brad Malone and loses puck.
15:38 of 3rd period - Off-side.
15:39 of 3rd period - Ryan Craig wins face-off versus Brandon Mashinter in neutral zone.
16:35 of 3rd period - Tim Kennedy beats up Pascal Pelletier.
16:35 of 3rd period - Penalty to Tim Kennedy for Fighting.
16:35 of 3rd period - Penalty to Pascal Pelletier for Fighting.
16:36 of 3rd period - Casey Bailey wins face-off versus Ryan Garbutt in neutral zone.
16:41 of 3rd period - Wrist shot by Casey Bailey.
16:41 of 3rd period - Deflect By Daniel Zaar.
16:41 of 3rd period - Shot Blocked by Ryan Garbutt.
16:41 of 3rd period - Puck is out of play.
16:42 of 3rd period - Ryan Garbutt wins face-off versus Casey Bailey in Manitoba Moose zone.
16:51 of 3rd period - Wrist shot by Derek Dorsett.
16:51 of 3rd period - Stopped by Vitek Vanecek with a rebound.
17:11 of 3rd period - Wrist shot by Matt Frattin.
17:11 of 3rd period - Stopped by Vitek Vanecek without a rebound.
17:12 of 3rd period - Casey Bailey wins face-off versus Ryan Craig in Sherbrooke Phoenix zone.
17:14 of 3rd period - Minor Penalty to Jordan Subban for Holding Stick.
17:15 of 3rd period - Casey Bailey wins face-off versus Grayson Downing in Sherbrooke Phoenix zone.
17:43 of 3rd period - Chris Neil is hit by Chris Carlisle and loses puck.
18:29 of 3rd period - Tommy Hughes is hit by Ryan Craig and loses puck.
18:40 of 3rd period - Brandon Mashinter is hit by Ryan Craig and loses puck.
18:50 of 3rd period - Penalty to Mike Weber is over, Justin Florek is send on ice.
19:05 of 3rd period - Snap shot by Justin Fontaine.
19:05 of 3rd period - Shot Blocked by Justin Florek.
19:14 of 3rd period - Penalty to Jordan Subban is over, Jordan Subban is back on ice.
19:45 of 3rd period - Snap shot by Jordan Subban.
19:45 of 3rd period - Shot Blocked by Samuel Morin.
19:47 of 3rd period - Slapshot by Dylan Labbe.
19:47 of 3rd period - Deflect By Brad Malone.
19:47 of 3rd period - Shot Blocked by Samuel Morin.
19:47 of 3rd period - Puck is out of play.
19:48 of 3rd period - Alex Tuch wins face-off versus Brad Malone in Manitoba Moose zone.
19:48 of 3rd period - Alex Tuch is hit by Blake Coleman.
Goals for this period are 2 for Sherbrooke Phoenix vs 2 for Manitoba Moose.
Shots for this period are 3 for Sherbrooke Phoenix vs 15 for Manitoba Moose.